[Event "African Open (w)"]
[Site "followchess.com"]
[Date "2022.09.26"]
[Round "8"]
[White "ONOJA, Iyefu Joy"]
[Black "Wafa, Shahenda"]
[Result "0-1"]
[ECO "E60"]
[WhiteElo "1762"]
[BlackElo "2110"]
[PlyCount "100"]
[EventDate "2022.??.??"]
[TimeControl "5400+30"]

1. d4 Nf6 2. Nf3 g6 3. c4 Bg7 4. Nc3 O-O 5. Bf4 d6 6. e3 Nbd7 7. Be2 b6 8. h3 Bb7 9. O-O Re8 10. Qc2 e5 11. dxe5 dxe5 12. Bh2 Qe7 13. Nb5 Be4 14. Qc1 Qc5 15.
Nd2 a6 16. Nxe4 Nxe4 17. Bf3 Ndf6 18. Nc3 Nxc3 19. Qxc3 e4 20. Be2 Ng4 21. Qc2 Nxh2 22. Kxh2 Qe5+ 23. Kg1 Qxb2 24. Qxb2 Bxb2 25. Rad1 Rad8 26. Rxd8 Rxd8 27. Rd1 Re8 28. a4 Ba3 29. Ra1 Bb4 30. Rb1 a5 31. Rd1 Kf8 32. Rd4 Re5 33. Rd5 Re6 34. Bg4 f5 35. Be2 Ke7 36. g4 Rf6 37. Kg2 c6 38. Re5+ Kd7 39. gxf5 gxf5 40. Bh5 Be7 41. f3 Kd6 42. f4 Kd7 43. Kg3 Rf8 44. Bg4 fxg4 45. hxg4 Bc5 46. Rxe4 Re8 47. Rxe8 Kxe8 48. Kf3 b5 49. cxb5 cxb5 50. axb5 a4 0-1

[Event "African Open (w)"]
[Site "followchess.com"]
[Date "2022.09.26"]
[Round "8"]
[White "Vilhete, Vania Fausto Da T."]
[Black "Phiri Bertha"]
[Result "1-0"]
[ECO "D30"]
[WhiteElo "1718"]
[BlackElo "1584"]
[PlyCount "57"]
[EventDate "2022.??.??"]
[TimeControl "5400+30"]

1. d4 d5 2. c4 e6 3. Nf3 Nf6 4. e3 Be7 5. Nc3 Nbd7 6. Bd3 dxc4 7. Bxc4 a6 8.
a4 O-O 9. O-O c5 10. Re1 b6 11. d5 exd5 12. Nxd5 Bb7 13. e4 Nxd5 14. exd5 Bd6 15. Bg5 Nf6 16. Qb3 h6 17. Bh4 Rb8 18. Qd3 g5 19. Nxg5 hxg5 20. Bxg5 Kg7 21. f4 Rh8 22. Qc3 b5 23. Re3 Be7 24. Rae1 b4 25.
Qe5 Kf8 26. Qxe7+ Qxe7 27. Rxe7 Ng8 28. Rc7 f6 29. d6 1-0

[Event "African Open (w)"]
[Site "followchess.com"]
[Date "2022.09.26"]
[Round "8"]
[White "Pelomoh Jessica"]
[Black "Laubscher, Anzel"]
[Result "0-1"]
[ECO "D02"]
[WhiteElo "1904"]
[BlackElo "1705"]
[PlyCount "59"]
[EventDate "2022.??.??"]
[TimeControl "5400+30"]

1. d4 d5 2. Bf4 Nf6 3. Nf3 c5 4. e3 Nc6 5. c3 Qb6 6. Qc1 Nh5 7. Bg3 Nxg3 8. hxg3 Bf5 9. Nbd2 h6 10. Be2 e6 11. dxc5 Bxc5 12. Nb3 Be7 13. Nbd4 Be4 14. g4 Rc8 15. Qd2 O-O 16. g5 Nxd4 17. exd4 Bxf3 18. gxh6 g5 19. Bxf3 Qd6 20. O-O-O b5 21. Qe2 b4 22. Kc2 bxc3 23. b3 Bf6 24. Rh5 Qa3 25. Qe3 Qb2+ 26. Kd3 c2 27. Qd2 Qxd4+ 28. Ke2 cxd1=Q+ 29. Qxd1 Qb2+ 30. Ke3 0-1

[Event "African Open (w)"]
[Site "followchess.com"]
[Date "2022.09.26"]
[Round "8"]
[White "Paulo, Jemima"]
[Black "Likando Namakau"]
[Result "1-0"]
[ECO "D05"]
[WhiteElo "1886"]
[BlackElo "1527"]
[PlyCount "133"]
[EventDate "2022.??.??"]
[TimeControl "5400+30"]

1. d4 d5 2. Nf3 Nf6 3. e3 e6 4. Bd3 c5 5. b3 Be7 6. Bb2 a6 7. Nbd2 Nc6 8. Ne5 Bd7 9. O-O Nb4 10. Be2 cxd4 11. exd4 O-O 12. a3 Nc6 13. Bd3 h6 14. Re1 Nxe5 15. dxe5 Nh7 16. Qg4 Bc5 17. b4 Ba7 18. Nf3 Rc8 19. h4 Bb5 20. Rac1 Bxd3 21. cxd3 Qd7 22. Bd4 Bxd4 23. Nxd4 Rxc1 24. Rxc1 Rc8 25. Qd1 Nf8 26. h5 Rxc1 27. Qxc1 Qd8 28. g3 f6 29. exf6 Qxf6 30. Nb3 Qd8 31. Qe3 Qc8 32. Nc5 b6 33. Na4 b5 34. Nc5 Qc6 35. d4 Kf7 36. Qf4+ Kg8 37.
Qb8 Kf7 38. Qa7+ Kg8 39. Qxa6 Qxa6 40. Nxa6 Kf7 41. Nc7 Ke7 42. Nxb5 Kd7 43. a4 Kc6 44. Kf1 Nd7 45. f3 Nb6 46. Nc3 Nc4 47.
Ke2 Nd6 48. g4 Nc4 49. a5 Kd6 50. a6 Kc7 51. Nb5+ Kc8 52. a7 Nb6 53. Ke3 Kd7 54. Nc3 Kc6 55. Na4 Na8 56. Nc5 Kd6 57. Kf4 Nb6 58. Na4 Na8 59. b5 Kc7 60. b6+ Kb7 61. Ke5 Nxb6 62. Nxb6 Kxa7 63. Nxd5 exd5 64. Kxd5 Kb8 65. Ke6 Kc7 66. d5 Kd8 67. Kd6 1-0

[Event "African Open (w)"]
[Site "followchess.com"]
[Date "2022.09.26"]
[Round "8"]
[White "Mbatha, Constance"]
[Black "Michael Bridget"]
[Result "0-1"]
[ECO "D05"]
[WhiteElo "1613"]
[BlackElo "1800"]
[PlyCount "116"]
[EventDate "2022.??.??"]
[TimeControl "5400+30"]

1. d4 d5 2. Nf3 Nf6 3. e3 e6 4. c4 Be7 5. Nc3 O-O 6. a3 a6 7. Bd2 c5 8. dxc5 Bxc5 9. b4 Be7 10. c5 b6 11. cxb6 Qxb6 12. Na4 Qd8 13.
Rc1 Bd7 14. Bd3 Bb5 15. Nb2 Bxd3 16. Nxd3 Nbd7 17. O-O Ne4 18. Nde5 Nxe5 19. Nxe5 Bf6 20. Nc6 Qb6 21. f3 Nd6 22. Na5 Rac8 23. Qb3 Bg5 24. g3 Nf5 25. f4 Bf6 26. g4 Nd6 27. Rfd1 Ne4 28.
Be1 Qb5 29. g5 Rxc1 30. Rxc1 Bd8 31. Qc2 Bb6 32. Bf2 Bxa5 33. bxa5 Qxa5 34. Qb2 Qa4 35. Be1 Re8 36. Bb4 Qb5 37. Qc2 a5 38. Be1 Qb6 39. Bf2 f6 40. Rb1 Qd8 41. gxf6 Qxf6 42. Be1 Qg6+ 43. Qg2 Ng5 44. Rc1 Nf3+ 45. Kf2 Qxg2+ 46. Kxg2 Nxe1+ 47. Rxe1 Rc8 48. e4 Rc3 49. exd5 exd5 50. Rd1 Rxa3 51. Rxd5 a4 52. Ra5 Ra1 53. h4 a3 54. h5 h6 55. Ra6 Kf7 56. Kf2 Ke7 57.
Ke2 a2 58. Kf2 Rh1 0-1

[Event "African Open (w)"]
[Site "followchess.com"]
[Date "2022.09.26"]
[Round "8"]
[White "Ayemou Akissi Victoire Sinchi"]
[Black "Aramude, Sandra"]
[Result "0-1"]
[ECO "C41"]
[WhiteElo "1182"]
[BlackElo "1813"]
[PlyCount "90"]
[EventDate "2022.??.??"]
[TimeControl "5400+30"]

1. e4 e5 2. Nf3 d6 3. c3 Nf6 4. d3 Be7 5. Be2 b6 6. O-O O-O 7. Qc2 Bb7 8.
Bg5 Nbd7 9. Nbd2 Rc8 10. d4 h6 11. Be3 c5 12. d5 Ne8 13. a4 a6 14. Rfb1 a5 15.
Qd1 Nef6 16. b4 Rb8 17. b5 Ng4 18. Nf1 Ndf6 19. Bd3 Nh5 20.
g3 Bc8 21. Bd2 Ngf6 22. Ne3 g6 23. Nc4 Kg7 24. Qc1 Rh8 25.
Qd1 Bh3 26. Bf1 Bxf1 27. Qxf1 Nxe4 28. Qd3 f5 29. Be3 Nxf2 30. Bxf2 e4 31. Qe3 exf3 32. Qxf3 Nf6 33. Re1 Ne4 34. g4 Nxf2 35. Qxf2 Bh4 36. Qg2 Bxe1 37. Rxe1 Rf8 38. Re6 Qg5 39. gxf5 Qc1+ 40. Kf2 Rxf5+ 41. Ke2 Qc2+ 42. Nd2 Rf6 43. Rxf6 Kxf6 44. Ke1 Re8+ 45. Kf1 Qd1+ 0-1

[Event "African Open (w)"]
[Site "followchess.com"]
[Date "2022.09.27"]
[Round "9"]
[White "Oyenga, Justine Anassika"]
[Black "Mudodo, Refiloe Hazel"]
[Result "0-1"]
[ECO "C02"]
[WhiteElo "1192"]
[BlackElo "1683"]
[PlyCount "54"]
[EventDate "2022.??.??"]
[TimeControl "5400+30"]

1. e4 e6 2. Nf3 d5 3. e5 c5 4. d4 Nc6 5. Bg5 Be7 6. Bxe7 Ngxe7 7. dxc5 Qa5+ 8. Qd2 Qxc5 9. a3 Ng6 10. Bd3 Ncxe5 11. Nxe5 Nxe5 12. Qg5 Nxd3+ 13. cxd3 O-O 14. Nd2 Qd4 15. O-O Qxd3 16. Nf3 Qg6 17. Qd2 Qf6 18. Rac1 Bd7 19. Rc3 Rfc8 20. Re3 Bb5 21. Rfe1 g6 22. Nd4 Bd7 23. Rf3 Qg7 24. Rg3 Rc7 25. h4 Rac8 26. h5 Rc4 27. Nf3 Rc2 0-1

[Event "African Open (w)"]
[Site "followchess.com"]
[Date "2022.09.27"]
[Round "9"]
[White "Likando Namakau"]
[Black "OLORUNTOLA, Oluwatobiloba"]
[Result "0-1"]
[ECO "D30"]
[WhiteElo "1527"]
[BlackElo "1918"]
[PlyCount "176"]
[EventDate "2022.??.??"]
[TimeControl "5400+30"]

1. d4 d5 2. c4 Nf6 3. Bg5 e6 4. Nf3 Be7 5. e3 h6 6. Bf4 c5 7. Be2 Nc6 8. O-O dxc4 9. Bxc4 cxd4 10. exd4 O-O 11. Nc3 a6 12. Rc1 Nd5 13. Nxd5 exd5 14. Bd3 Bg4 15. Bb1 Bh5 16. Qb3 Bxf3 17. Qxf3 Bg5 18. Qd3 g6 19. Be3 f5 20. g3 Qd6 21. h4 Bxe3 22. Qxe3 h5 23. Rcd1 Kg7 24. Qf3 Rad8 25. a3 Qf6 26. Qf4 Rfe8 27. f3 Re2 28. Rf2 Rde8 29. Kg2 Re1 30.
Rxe1 Rxe1 31. Ba2 Qxd4 32. Qxd4+ Nxd4 33. Bxd5 Re7 34. Rd2 Nb5 35. a4 Na7 36. Rc2 Rd7 37. Be6 Re7 38. Bb3 Nc6 39. Rd2 Na5 40. Ba2 Rc7 41. b4 Nc6 42. Rc2 Rd7 43. b5 axb5 44. axb5 Nb4 45. Rb2 Nxa2 46. Rxa2 Rd5 47. Rb2 Kf6 48. b6 Ke6 49. Kf2 Kd6 50.
Rb3 Kc6 51. Re3 Rd6 52. Rb3 Kc5 53. Rb1 Rxb6 54. Rc1+ Kd6 55. Ke3 Rc6 56. Rb1 b6 57. Kd4 Kc7 58. Rb3 Rc5 59. f4 Kc6 60.
Rb2 b5 61. Re2 Rd5+ 62. Kc3 Kc5 63. Re6 b4+ 64. Kc2 Rd6 65.
Re5+ Kc4 66. Re3 Ra6 67. Re7 b3+ 68. Kb2 Ra2+ 69. Kb1 Rg2 70.
Rc7+ Kd4 71. Rd7+ Ke4 72. Re7+ Kf3 73. Rb7 Kxg3 74. Rxb3+ Kxh4 75. Rb6 Rg4 76. Kc1 Kg3 77. Kd2 Kxf4 78. Ke2 h4 79. Rb8 h3 80. Rh8 Kg3 81. Kf1 Rh4 82. Rg8 Rf4+ 83. Ke1 h2 84. Rxg6+ Rg4 85. Rh6 Rh4 86. Rg6+ Kh3 87. Kf2 h1=Q 88. Rg3+ Kh2 0-1

[Event "African Open (w)"]
[Site "followchess.com"]
[Date "2022.09.27"]
[Round "9"]
[White "Ayemou Mazan Emmanuela Esther"]
[Black "Oyelese, Mayomi"]
[Result "1-0"]
[ECO "A45"]
[WhiteElo "1523"]
[BlackElo "1677"]
[PlyCount "151"]
[EventDate "2022.??.??"]
[TimeControl "5400+30"]

1. d4 Nf6 2. e3 e6 3. Bd3 d5 4. Nd2 c5 5. c3 a6 6. f4 Be7 7. Ngf3 b5 8. a3 Bb7 9. O-O Qc7 10. Ne5 Nbd7 11. Ndf3 Rc8 12. Ng5 Nxe5 13. fxe5 c4 14. Bc2 Ne4 15. Nxf7 O-O 16. Nd6 Rxf1+ 17. Qxf1 Rf8 18. Qd1 Bxd6 19. exd6 Nxd6 20. Qh5 Ne4 21. Bxe4 dxe4 22. Bd2 Rf5 23. Qe8+ Rf8 24. Qxe6+ Qf7 25. Qxf7+ Rxf7 26. Rf1 Rf6 27. Be1 Kf7 28.
Rxf6+ gxf6 29. Kf2 f5 30. Kg3 Kf6 31. Kf4 h6 32. Bh4+ Ke6 33.
g4 fxg4 34. Kxg4 Kf7 35. Kf5 Ba8 36. Ke5 Bb7 37. Kd6 Ke8 38. Kc7 Bd5 39. Kb6 Kd7 40. Bg3 h5 41. Kc5 Ke6 42. Bf4 Bb7 43. Kb6 Bc8 44. Kc7 Bd7 45. d5+ Ke7 46. Bg5+ Ke8 47. Kd6 Bc8 48. Ke5 Kd7 49. Kxe4 Kc7 50. Kd4 Kb6 51. e4 Ka5 52. Ke3 Ka4 53. Kd2 Kb3 54. Kc1 a5 55. Be7 h4 56. Bxh4 b4 57.
cxb4 axb4 58. axb4 Kxb4 59. e5 Kc5 60. d6 Kd4 61. Bg3 Kd3 62.
h4 Ke4 63. h5 Kf5 64. h6 Kg6 65. Bf4 Bf5 66. Kd2 Kf7 67. Kc3 Bd3 68. b3 Bf5 69. bxc4 Ke6 70. Kd4 Kd7 71. Kc5 Bh7 72. Kb6 Bg6 73.
c5 Be4 74. c6+ Kc8 75. d7+ Kd8 76. Bg5# 1-0

[Event "African Open (w)"]
[Site "followchess.com"]
[Date "2022.09.27"]
[Round "9"]
[White "Michael Bridget"]
[Black "Paulo, Jemima"]
[Result "1-0"]
[ECO "B55"]
[WhiteElo "1800"]
[BlackElo "1886"]
[PlyCount "93"]
[EventDate "2022.??.??"]
[TimeControl "5400+30"]

1. e4 c5 2. Nf3 d6 3. d4 cxd4 4. Nxd4 Nf6 5. f3 g6 6. c4 Bg7 7. Nc3 O-O 8.
Be3 Nc6 9. Qd2 Nxd4 10. Bxd4 Be6 11. Be2 Qa5 12. O-O Nd7 13. Bxg7 Kxg7 14. Kh1 Rac8 15. b3 a6 16. f4 f6 17. Rac1 Rc7 18. Rc2 Rfc8 19. Rfc1 Qb4 20. h3 h5 21. Qe3 Qc5 22. Qg3 Kh6 23. Bd3 g5 24. Nd5 Bxd5 25. exd5 Rg8 26. Re1 Nf8 27. Rce2 e5 28. dxe6 Re7 29. f5 g4 30. h4 Rgg7 31. Qe3+ Kh7 32. Qxc5 dxc5 33. g3 Kg8 34. Be4 Nh7 35. Rd1 Re8 36. Red2 Nf8 37. Rd8 Rge7 38. Rxe8 Rxe8 39. Bxb7 Nxe6 40. fxe6 Kf8 41. Bd5 Ke7 42. Rf1 Rh8 43. Kg2 a5 44. Kf2 f5 45. Ke3 Kf6 46. Kf4 Re8 47. Re1 1-0

[Event "African Open (w)"]
[Site "followchess.com"]
[Date "2022.09.27"]
[Round "9"]
[White "Yavo Tchetche, Marie"]
[Black "Nkhoma, Desiderata"]
[Result "1/2-1/2"]
[ECO "A22"]
[WhiteElo "1363"]
[BlackElo "1446"]
[PlyCount "99"]
[EventDate "2022.??.??"]
[TimeControl "5400+30"]

1. c4 e5 2. Nc3 Nf6 3. d3 Bb4 4. Bd2 O-O 5. a3 Bc5 6. b4 Bd4 7. e3 Bxc3 8. Bxc3 d6 9. Ne2 Nc6 10. g3 Ne7 11. Bg2 c6 12. O-O Be6 13.
Rc1 Qd7 14. f4 Bh3 15. fxe5 Bxg2 16. Kxg2 Ng4 17. Qd2 Nxe5 18.
Bxe5 dxe5 19. d4 Ng6 20. Rcd1 Rad8 21. d5 cxd5 22. cxd5 Qg4 23. Nc3 h5 24. Qe2 Qxe2+ 25. Nxe2 Ne7 26. e4 f5 27. d6 Nc8 28. Rxf5 Rxf5 29. exf5 Rxd6 30. Rc1 Rc6 31. h3 Rxc1 32. Nxc1 Nd6 33. g4 hxg4 34. hxg4 Kf7 35. Nd3 e4 36. Nc5 Kf6 37. Kg3 b6 38. Ne6 g6 39. Nd4 gxf5 40. Kf4 fxg4 41. Kxg4 a5 42. bxa5 bxa5 43. a4 Nb7 44. Kf4 Nc5 45. Nc6 Nxa4 46. Kxe4 Nc5+ 47. Kd5 a4 48. Kxc5 a3 49. Nb4 a2
50. Nxa2 1/2-1/2

[Event "African Open (w)"]
[Site "followchess.com"]
[Date "2022.09.27"]
[Round "9"]
[White "Caxita, Esperanca"]
[Black "Marochkina, Nadezhda Valerevna"]
[Result "1-0"]
[ECO "B13"]
[WhiteElo "1961"]
[BlackElo "1689"]
[PlyCount "100"]
[EventDate "2022.??.??"]
[TimeControl "5400+30"]

1. e4 c6 2. d4 d5 3. exd5 cxd5 4. Bd3 Nc6 5. c3 Nf6 6. Nf3 Bg4 7. Bg5 e6 8. Nbd2 Be7 9. O-O O-O 10. Re1 a5 11. a4 Qb6 12. Qb1 h6 13.
Bh4 Rfe8 14. h3 Bxf3 15. Nxf3 Rac8 16. Bb5 Ne4 17. Bxe7 Rxe7 18. Re2 Nd6 19. Bd3 Nc4 20. Bxc4 dxc4 21. Qe4 Rd7 22. Rae1 Qb3 23. Qc2 Qxc2 24. Rxc2 Ne7 25. Ne5 Rdd8 26. Rce2 Nd5 27. g3 Rd6 28. f4 g6 29. Kf2 Kg7 30. Nf3 Rb6 31. Ne5 Rd6 32. Kg2 Rc7 33.
Ng4 Rb6 34. Nf2 Nf6 35. Rd2 h5 36. g4 hxg4 37. hxg4 Rd6 38. Kf3 Rd8 39. Rh1 Rcc8 40. g5 Nh5 41. Re2 Rd5 42. Re5 Kf8 43.
Rhe1 Ng7 44. Ng4 Rxe5 45. Rxe5 b6 46. Rb5 Rb8 47. Ne5 Ke8 48.
Nxc4 Kd7 49. Rxb6 Rh8 50. Rb5 Ke8 1-0

[Event "African Open (w)"]
[Site "followchess.com"]
[Date "2022.09.27"]
[Round "9"]
[White "Pires, Luzia"]
[Black "Wafa, Shahenda"]
[Result "1/2-1/2"]
[ECO "D05"]
[WhiteElo "1839"]
[BlackElo "2110"]
[PlyCount "61"]
[EventDate "2022.??.??"]
[TimeControl "5400+30"]

1. d4 Nf6 2. Nf3 d5 3. e3 e6 4. Bd3 c5 5. b3 Nc6 6. a3 cxd4 7. exd4 Bd6 8. O-O O-O 9. Nbd2 e5 10. dxe5 Nxe5 11. Nxe5 Bxe5 12. Rb1 h6 13. h3 Qc7 14. Nf3 Bc3 15. Bb2 Bxb2 16. Rxb2 Be6 17. Rb1 Rfe8 18. Rc1 Qd7 19. c4 dxc4 20. Bxc4 Qxd1 21. Rfxd1 Bxc4 22. Rxc4 Rac8 23. Rdc1 Rxc4 24. Rxc4 Re7 25. Rc2 Kf8 26.
Rc8+ Re8 27. Rxe8+ Kxe8 28. Kf1 Kd7 29. Ke2 a6 30. Kd3 Kd6 31.
Kd4 1/2-1/2

[Event "African Open (w)"]
[Site "followchess.com"]
[Date "2022.09.27"]
[Round "9"]
[White "Laubscher, Anzel"]
[Black "ONOJA, Iyefu Joy"]
[Result "1/2-1/2"]
[ECO "C00"]
[WhiteElo "1705"]
[BlackElo "1762"]
[PlyCount "91"]
[EventDate "2022.??.??"]
[TimeControl "5400+30"]

1. e4 e6 2. d3 d5 3. Nd2 Nf6 4. Ngf3 Nc6 5. g3 dxe4 6. dxe4 e5 7. Bg2 Bc5 8. O-O h6 9. c3 a5 10. h3 O-O 11. Nh4 Be6 12. Kh2 Bd6 13.
Qe2 Rb8 14. Nc4 b5 15. Ne3 Ne7 16. f4 Ng6 17. f5 Nxh4 18. gxh4 Bc8 19. Rg1 Bc5 20. Bf3 Kh7 21. Bd2 Bb7 22. Qg2 Rg8 23. Rad1 Qd3 24. Bc1 Qb1 25. b4 Bxe4 26. Bxe4 Qxe4 27. Qxe4 Nxe4 28. bxc5 Nxc5 29. Rd5 Ne4 30. Rxe5 Nxc3 31. Rc5 Nxa2 32. Rxc7 Nxc1 33.
Rgxc1 Rge8 34. Ng4 Re2+ 35. Kg3 h5 36. Nf2 Kg8 37. Ra7 b4 38.
Rcc7 b3 39. Kf3 Rxf2+ 40. Kxf2 b2 41. Rxf7 b1=Q 42. Rxg7+ Kh8 43. Rh7+ Kg8 44. Rhg7+ Kf8 45. Raf7+ Ke8 46. Re7+ 1/2-1/2

[Event "African Open (w)"]
[Site "followchess.com"]
[Date "2022.09.27"]
[Round "9"]
[White "Vilhete, Vania Fausto Da T."]
[Black "Mbatha, Constance"]
[Result "1/2-1/2"]
[ECO "D30"]
[WhiteElo "1718"]
[BlackElo "1613"]
[PlyCount "215"]
[EventDate "2022.??.??"]
[TimeControl "5400+30"]

1. d4 e6 2. c4 d5 3. Nf3 Nf6 4. e3 Be7 5. Bd3 O-O 6. O-O b6 7. cxd5 exd5 8.
Nc3 Bg4 9. Re1 c5 10. dxc5 Bxc5 11. a3 Nc6 12. Be2 Re8 13. b4 Bf8 14. Bb2 Rc8 15. Rc1 Re7 16. Ba6 Bxf3 17. Qxf3 Ne5 18. Qf5 Rcc7 19. Nxd5 Qxd5 20. Rxc7 Rxc7 21. Qxe5 Qd2 22. Qxc7 Qxe1+ 23.
Bf1 Ne4 24. Qc2 Nd2 25. Qd3 Nxf1 26. Qxf1 Qd2 27. Qc1 Qd3 28. h3 h6 29. g3 Qe2 30. Kg2 Qb5 31. Qc2 a5 32. bxa5 Qxa5 33.
a4 b5 34. axb5 Qxb5 35. Bd4 Qd5+ 36. Kh2 Qb7 37. Qf5 Qc6 38. Qe5 Qc2 39. Kg2 Qc6+ 40. e4 Qc8 41. Qd5 Be7 42. e5 Bf8 43. Qe4 Qe6 44. Qa8 Qe7 45. f4 Qb4 46. Bf2 Kh7 47. Qa2 Qb7+ 48.
Kh2 Qd7 49. Qc2+ Kg8 50. Qe4 Qd2 51. Qe3 Qd7 52. g4 g6 53. Kg3 Qe6 54. Qb6 Qd5 55.
Qe3 Qe6 56. Qe4 Bg7 57. Qa8+ Kh7 58. Qb8 Qc4 59. Qd6 Qe4 60. Qd4 Qc6 61. f5 Qc7 62. Kf4 g5+ 63. Ke4 Qb7+ 64. Qd5 Qb1+ 65. Qd3 Qxd3+ 66. Kxd3 Bxe5 67. Ke4 Bd6 68.
Kd5 Ba3 69. Bd4 Kg8 70. Kc6 Bb4 71. Kd7 Ba3 72. Ke8 Bd6 73.
Bf6 Bb4 74. Be7 Bc3 75. Bf8 Be5 76. Bxh6 Bf6 77. Bf8 Be5 78. Be7 Bf4 79. Bf6 Be3 80. h4 gxh4 81. Bxh4 Bd4 82. Bg5 Kg7 83. Ke7 Bc5+ 84. Kd7 Bb4 85. Bd8 Bc3 86. Bb6 Bb4 87. Be3 Bc3 88. Bg5 f6 89. Be3 Kf7 90. Bc5 Bd2 91. Bd4 Bg5 92. Kd6 Bf4+ 93. Kd5 Bd2 94. Ke4 Bg5 95. Be3 Bh4 96. Kf3 Be1 97. Kf4 Bh4 98. Kf3 Be1 99. Bd4 Bh4 100. Be3 Be1 101. g5 fxg5 102. Bxg5 Bc3 103. Ke4 Bb2 104. Bf4 Ba3 105. Be5 Be7 106. Kd5 Bg5 107. Bd4 Bd8 108. Ke4 1/2-1/2

[Event "African Open (w)"]
[Site "followchess.com"]
[Date "2022.09.27"]
[Round "9"]
[White "Aramude, Sandra"]
[Black "Ampaire Shakira"]
[Result "0-1"]
[ECO "A01"]
[WhiteElo "1813"]
[BlackElo "1657"]
[PlyCount "76"]
[EventDate "2022.??.??"]
[TimeControl "5400+30"]

1. b3 e5 2. Bb2 Nc6 3. e3 Nf6 4. Bb5 Bd6 5. Ne2 O-O 6. Nbc3 Qe7 7. O-O a6 8. Bxc6 dxc6 9. e4 Bg4 10. d3 Ba3 11. Bxa3 Qxa3 12. Qc1 Qa5 13. Qe3 Qa3 14. Ng3 b5 15. h3 Be6 16. f4 exf4 17. Rxf4 Qb2 18. Raf1 Qxc3 19. Rxf6 gxf6 20. Qh6 Kh8 21. Nh5 Rg8 22. Nxf6 Rg7 23. Rf2 Qe1+ 24. Rf1 Qg3 25. Rf2 Qg5 26. Qxg5 Rxg5 27. Kf1 b4 28. Ke2 Ra5 29. h4 Rxa2 30. Ke3 a5 31. h5 Kg7 32. e5 a4 33.
bxa4 R8xa4 34. h6+ Kxh6 35.
Rf3 Rxc2 36. Rg3 Ra8 37. d4 b3 38. Ne4 b2 0-1

[Event "African Open (w)"]
[Site "followchess.com"]
[Date "2022.09.27"]
[Round "9"]
[White "Van Zyl, Charlize"]
[Black "Ofowino, Toritsemuwa"]
[Result "1-0"]
[ECO "D00"]
[WhiteElo "1710"]
[BlackElo "1857"]
[PlyCount "103"]
[EventDate "2022.??.??"]
[TimeControl "5400+30"]

1. d4 d5 2. Bf4 c6 3. e3 Qb6 4. Qc1 Bf5 5. c4 e6 6. c5 Qd8 7. Nc3 Nf6 8. h3 Be7 9. Nf3 Nbd7 10. Be2 O-O 11. O-O Ne4 12. b4 a5 13. b5 a4 14. bxc6 bxc6 15.
Rd1 Qc8 16. Nxe4 Bxe4 17. Bd3 Bxd3 18. Rxd3 Bd8 19. Bd6 Re8 20. Ne5 f6 21. Nxd7 Qxd7 22. Rb1 Be7 23. Rb6 Ra7 24. Rc3 Bd8 25. Rb2 Ba5 26. Ra3 Bc7 27. Rb4 Bxd6 28. cxd6 Qxd6 29. Rbxa4 Rxa4 30. Rxa4 e5 31. Ra6 Rc8 32. a4 exd4 33. exd4 h6 34. Rb6 Re8 35. a5 Qe6 36. Rxc6 Qe1+ 37. Qxe1 Rxe1+ 38. Kh2 Rd1 39. a6 Ra1 40. Kg3 Kh7 41. Kf4 Kg6 42. h4 h5 43. Rd6 Ra3 44. f3 Ra4 45.
Ke3 Ra3+ 46. Kd2 Kf5 47. Kc2 Kf4 48. Kb2 Ra5 49. Kb3 Ke3 50.
Kb4 Ra1 51. Kc5 Ra4 52. Kb5 1-0

[Event "African Open (w)"]
[Site "followchess.com"]
[Date "2022.09.27"]
[Round "9"]
[White "Abigail Karyah"]
[Black "Ayemou Akissi Victoire Sinchi"]
[Result "1-0"]
[ECO "B00"]
[WhiteElo "1435"]
[BlackElo "1182"]
[PlyCount "89"]
[EventDate "2022.??.??"]
[TimeControl "5400+30"]

1. e4 b6 2. d4 Bb7 3. Nc3 e6 4. a3 d6 5. Nf3 Nf6 6. Bd3 Be7 7. O-O O-O 8. b3 Nbd7 9. Bb2 c5 10. Qe2 cxd4 11. Nxd4 e5 12. Nf5 g6 13. Nxe7+ Qxe7 14. Rfd1 Rac8 15. Rac1 Rfd8 16. Bc4 Nc5 17. Nd5 Bxd5 18. Bxd5 Rc7 19. Qe3 Rdc8 20. c4 Kg7 21. f4 exf4 22. Qxf4 Re8 23. Rf1 Ncd7 24. Rc2 Ne5 25. Rcf2 Nxd5 26. cxd5 a5 27. Qe3 Rb7 28. Rxf7+ Qxf7 29. Rxf7+ Kxf7 30. Qf4+ Kg8 31. Qf6 Rd7 32. Bd4 b5 33. Bc3 a4 34. bxa4 bxa4 35. h3 Rf8 36. Qe6+ Rff7 37. Bxe5 dxe5 38. Qxe5 Rde7 39. Qd4 Rf4 40. d6 Rexe4 41. Qd5+ Kg7 42. d7 Rd4 43. Qe5+ Kg8 44. Qxf4 Rxd7 45. Qxa4 1-0

[Event "African Open (w)"]
[Site "followchess.com"]
[Date "2022.09.27"]
[Round "9"]
[White "Amadasun, Rosemary"]
[Black "Pelomoh Jessica"]
[Result "0-1"]
[ECO "C03"]
[WhiteElo "1807"]
[BlackElo "1904"]
[PlyCount "61"]
[EventDate "2022.??.??"]
[TimeControl "5400+30"]

1. e4 e6 2. d4 d5 3. Nd2 dxe4 4. Nxe4 Be7 5. Nf3 Nd7 6. Bd3 Ngf6 7. Ng3 O-O 8. O-O b6 9. Ne5 Bb7 10. c4 c5 11. Be3 Qc7 12. Ng4 Qc6 13. Nxf6+ Nxf6 14. f3 Rad8 15. dxc5 Ng4 16. Bxh7+ Kh8 17. Qe2 Nxe3 18. Be4 Qc7 19. cxb6 axb6 20. Rfc1 Bxe4 21. Nxe4 Nf5 22. Rd1 Rxd1+ 23. Rxd1 Rd8 24. g3 Rxd1+ 25.
Qxd1 Qxc4 26. b3 Bc5+ 27. Nxc5 Qxc5+ 28. Kh1 Qf2 29. g4 Nh4 30. Qd8+ Kh7 31. Qd4 0-1